 Dungeon Crawl Stone Soup version 0.21-a0-528-gf531e82 (webtiles) character file.

24985 slep the Cleaver (level 13, -7/69 HPs)
             Began as a Vine Stalker Fighter on Dec 9, 2017.
             Was the Champion of Okawaru.
             Mangled by an eight-headed hydra (11 damage)
             ... on level 4 of the Lair of Beasts.
             The game lasted 01:10:44 (11476 turns).

slep the Cleaver (Vine Stalker Fighter)            Turns: 11476, Time: 01:10:44

Health: -7/69      AC: 12    Str: 18    XL:     13   Next: 16%
Magic:  0/14       EV: 18    Int:  8    God:    Okawaru [******]
Gold:   911        SH:  0    Dex: 20    Spells: 12/12 levels left

rFire    . . .     SeeInvis .   e - +3 demon trident
rCold    . . .     Gourm    .   (no shield)
rNeg     . . .     Faith    +   n - +1 leather armour of Dice, Bag, and Bottle {rElec Str-2 Dex+6} (curse)
rPois    +         Spirit   +   H - +2 hat {MR+}
rElec    +         Reflect  .   (no cloak)
rCorr    +         Harm     .   P - +1 pair of gloves
MR       ++...                  v - +0 pair of boots of Okawaru's Delight {rPois}
Stlth    +++.......             y - amulet of faith
HPRegen  1.01/turn              M - ring of resist corrosion
MPRegen  0.14/turn              g - +3 ring of evasion

@: about to teleport
A: fangs 3, slimy green scales 1, clumsy 1, mutation resistance 1, regeneration
2, screaming 1, weak 1, magic shield, antimagic bite, no potion heal 3, rot
immunity
a: Heroism, Finesse, Renounce Religion


You were on level 4 of the Lair of Beasts.
You worshipped Okawaru.
Okawaru was exalted by your worship.
You were not hungry.

You visited 3 branches of the dungeon, and saw 16 of its levels.

You collected 911 gold pieces.

Inventory:

Hand Weapons
 a - the +11 battleaxe of the Swamp {protect, rElec rPois Dex+4}
   (Okawaru gifted it to you on level 8 of the Dungeon)

   It protects the one who uses it against injury (+AC on strike).
   It affects your dexterity (+4).
   It insulates you from electricity.
   It protects you from poison.
 b - a +1 blowgun
 e - a +3 demon trident (weapon)
 o - the +3 longbow of Irritation {velocity, rPois}
   (Okawaru gifted it to you on level 11 of the Dungeon)

   Any arrow fired from it inflicts extra damage.
   It protects you from poison.
Missiles
 B - 6 curare-tipped needles
 U - 8 tomahawks of returning (quivered)
Armour
 c - the +2 buckler of the Untouchables {Dex+3}
   (Okawaru gifted it to you on level 2 of the Lair of Beasts)

   It affects your dexterity (+3).
 i - the +2 pair of boots of the Assassin {Detection Stab+ Stlth++}
   (You found it on level 5 of the Dungeon)

   It makes you much more stealthy.
 n - the cursed +1 leather armour of Dice, Bag, and Bottle (worn) {rElec Str-2 Dex+6}
   (You found it on level 2 of the Lair of Beasts)

   It affects your strength (-2).
   It affects your dexterity (+6).
   It insulates you from electricity.
   It has a curse placed upon it.
 v - the +0 pair of boots of Okawaru's Delight (worn) {rPois}
   (Okawaru gifted it to you on level 10 of the Dungeon)

   It protects you from poison.
 x - the +11 plate armour of Xom's Castigation {*Slow Dex+4}
   (You found it on level 1 of the Lair of Beasts)

   It affects your dexterity (+4).
   It may slow you when you take damage.
 H - a +2 hat of magic resistance (worn)
 K - a +2 shield
 P - a +1 pair of gloves (worn)
Jewellery
 g - a +3 ring of evasion (right hand)
 u - a +3 ring of protection
 y - an amulet of faith (around neck)
 M - a ring of resist corrosion (left hand)
Wands
 m - a wand of enslavement (13)
 s - a wand of clouds (6)
 D - a wand of polymorph (27)
 Q - a wand of iceblast (10)
 W - a wand of random effects (77)
 X - a wand of disintegration (15)
 Z - a wand of paralysis (14)
Scrolls
 h - 8 scrolls of teleportation
 j - 9 scrolls of remove curse
 q - a scroll of blinking
 C - 9 scrolls of identify
 F - 3 scrolls of enchant armour
 G - a scroll of fog
Potions
 d - 3 potions of might
 k - a potion of brilliance {unknown}
 l - a potion of cancellation
 p - 3 potions of lignification
 z - 4 potions of invisibility
 I - 4 potions of agility
 O - 4 potions of curing
 S - a potion of flight
 T - a potion of haste
 V - 4 potions of magic
Books
 A - a book of Conjurations

   Spells                             Type                      Level
   a - Magic Dart                     Conjuration                  1
   b - Searing Ray                    Conjuration                  2
   c - Dazzling Spray                 Conjuration/Hexes            3
   d - Fulminant Prism                Conjuration/Hexes            4
   e - Force Lance                    Conjuration/Translocation    4
   f - Iskenderun's Mystic Blast      Conjuration                  4
Miscellaneous
 w - a phantom mirror
Comestibles
 f - 12 bread rations
 r - 11 chunks of flesh
 t - 7 meat rations
 E - 4 royal jellies
 N - 13 fruits


   Skills:
 + Level 8.3 Fighting
 + Level 14.2 Axes
 + Level 1.3(9.6) Polearms
 + Level 1.3 Throwing
 + Level 7.3 Armour
 + Level 4.5 Dodging
 + Level 6.1 Stealth
 + Level 5.3 Shields
 + Level 0.8 Evocations


You had 12 spell levels left.
You didn't know any spells.

Dungeon Overview and Level Annotations

Branches:
Dungeon (11/15)            Temple (1/1) D:4            Lair (4/6) D:11
  Swamp (0/4) Lair:4          Orc (0/2) D:10
  Snake: Lair:2-4    Spider: Lair:2-4

Altars:
Ashenzari
Cheibriados
Dithmenos
Elyvilon
Fedhas
Gozag
Hepliaklqana
Kikubaaqudgha
Makhleb
Nemelex Xobeh
Okawaru
Qazlal
Ru
Sif Muna
Trog
Uskayaw
Vehumet
Wu Jian
Xom
Yredelemnul
Zin
The Shining One


Innate Abilities, Weirdness & Mutations

You have razor-sharp teeth.
You heal very quickly.
When hurt, damage is shared between your health and your magic reserves.
Your bite disrupts and absorbs the magic of your enemies.
Potions cannot restore your health.
You are immune to rotting.
You are partially covered in slimy green scales. (AC +2)
You are clumsy. (Dex -2)
You are somewhat resistant to further mutation.
You occasionally shout uncontrollably at your foes.
You are weak. (Str -2)


Message History

* * * LOW HITPOINT WARNING * * *
The eight-headed hydra bites you but does no damage.
The eight-headed hydra misses you.
The eight-headed hydra completely misses you.
The eight-headed hydra misses you.
The eight-headed hydra bites you but does no damage. x2
The eight-headed hydra closely misses you.
The eight-headed hydra closely misses you. x2
The eight-headed hydra bites you!
The eight-headed hydra closely misses you.
The eight-headed hydra misses you. The eight-headed hydra bites you.
The eight-headed hydra bites you but does no damage.
The eight-headed hydra bites you!
* * * LOW HITPOINT WARNING * * *
As you read the scroll of teleportation, it crumbles to dust.
You feel strangely unstable. The eight-headed hydra bites you!
* * * LOW HITPOINT WARNING * * *
The eight-headed hydra completely misses you.
The eight-headed hydra bites you!
You die...

#.....#.(.###.#.#.
#.....##### ######
##......#
#P......#
##.###### #..##
##...# #.#D##
##.@# #...# #P..#
##..# #.P# ..##
... #..


You could see an eight-headed hydra.

Vanquished Creatures
  Gastronok (D:10)
  Snorg (Lair:3)
  Harold (D:11)
  A hydra (Lair:1)
  2 two-headed ogres
  Urug (Lair:2)
  Nergalle (Lair:3)
  2 unseen horrors (D:11)
  2 ugly things (D:11)
  A manticore (D:11)
  A black mamba (Lair:1)
  6 spiny frogs
  A troll (D:9)
  The ghost of slep the Shield-Bearer, a novice VSFi (D:5)
  A hornet (D:11)
  4 blink frogs (Lair:3)
  Grinder (D:6)
  6 hippogriffs
  30 yaks
  A wyvern (Lair:1)
  A spriggan (D:7)
  2 basilisks
  2 hungry ghosts
  5 water moccasins
  8 porcupines
  2 sky beasts
  A black bear (D:8)
  6 phantoms
  9 ogres
  An eye of draining (D:11)
  3 orc warriors
  A necrophage (D:6)
  5 centaurs
  7 crocodiles
  Blork the orc (D:6)
  A big kobold (D:9)
  9 bullfrogs
  A wyvern skeleton (D:8)
  2 scorpions (D:8)
  5 killer bees (D:8)
  An electric eel (D:7)
  A crimson imp (D:7)
  2 bullfrog zombies
  2 quasits
  5 orc priests
  4 hounds
  5 jellies
  A bullfrog skeleton (D:7)
  3 iron imps (D:3)
  7 iguanas
  Natasha (thrice) (D:2)
  6 orc wizards
  2 worker ants
  2 worker ant zombies
  A howler monkey skeleton (D:10)
  7 adders
  2 adder skeletons (D:9)
  7 worms
  3 dart slugs
  7 leopard geckos
  43 orcs
  5 giant cockroaches
  4 goblins
  5 hobgoblins
  18 jackals
  7 kobolds
  A quokka (D:7)
  4 ball pythons
  9 bats
  6 frilled lizards
  A quokka skeleton (D:3)
  8 rats
  A fungus (Lair:2)
  A plant (Lair:3)
321 creatures vanquished.

Vanquished Creatures (others)
  A fungus (Lair:2)
  3 plants
4 creatures vanquished.

Grand Total: 325 creatures vanquished

Notes
Turn   | Place    | Note
-------+----------+-------------------------------------------
     0 | D:1      | slep the Vine Stalker Fighter began the quest for the Orb.
     0 | D:1      | Reached XP level 1. HP: 11/11 MP: 2/2
   147 | D:1      | Reached XP level 2. HP: 3/16 MP: 3/3
   162 | D:1      | Reached skill level 2 in Axes
   272 | D:1      | Reached XP level 3. HP: 12/19 MP: 4/4
   570 | D:2      | Found a hazy altar of Hepliaklqana.
   835 | D:2      | Gained mutation: Your natural rate of healing is unusually fast. [Vine Stalker growth]
   835 | D:2      | Reached XP level 4. HP: 13/24 MP: 3/5
   964 | D:2      | Noticed an ogre
   965 | D:2      | Noticed Natasha
   971 | D:2      | Killed an ogre
   971 | D:2      | Reached skill level 3 in Axes
   971 | D:2      | Reached XP level 5. HP: 28/28 MP: 6/6
   974 | D:2      | Killed Natasha
  1121 | D:2      | Noticed Natasha
  1130 | D:2      | Killed Natasha
  1146 | D:2      | Noticed Natasha
  1156 | D:2      | Killed Natasha
  1156 | D:2      | Reached XP level 6. HP: 30/32 MP: 7/7
  1605 | D:3      | Noticed a hand axe
  1605 | D:3      | Noticed a hand axe
  1612 | D:3      | Found a hide-covered altar of Uskayaw.
  1619 | D:3      | Found a burning altar of Makhleb.
  1687 | D:3      | Found an ornate altar of the Wu Jian Council.
  1704 | D:3      | Noticed a phantom
  1715 | D:3      | Reached skill level 1 in Dodging
  1732 | D:3      | Reached skill level 4 in Axes
  1732 | D:3      | Reached XP level 7. HP: 3/37 MP: 3/8
  1813 | D:3      | Found an ancient bone altar of Kikubaaqudgha.
  2234 | D:4      | Found a sacrificial altar of Ru.
  2289 | D:4      | Reached skill level 1 in Stealth
  2339 | D:4      | Found a staircase to the Ecumenical Temple.
  2344 | Temple   | Entered the Ecumenical Temple
  2391 | Temple   | Became a worshipper of Warmaster Okawaru
  2497 | D:4      | Found a glowing golden altar of the Shining One.
  2800 | D:5      | Entered Level 5 of the Dungeon
  2843 | D:5      | Noticed slep's ghost (novice VSFi)
  2843 | D:5      | Reached skill level 5 in Axes
  2893 | D:5      | Killed slep's ghost
  2893 | D:5      | Gained mutation: You have razor-sharp teeth. [Vine Stalker growth]
  2893 | D:5      | Reached XP level 8. HP: 33/42 MP: 9/9
  2940 | D:5      | Found the +2 pair of boots of the Assassin {Detection Stab+ Stlth++}
  3099 | D:5      | Got a smoking robe
  3110 | D:5      | Identified the +2 robe "Ymmi" {rPois Str+5 Dex-5} (You found it on level 5 of the Dungeon)
  3215 | D:5      | Reached * piety under Okawaru
  3659 | D:6      | Reached skill level 5 in Shields
  3690 | D:6      | Noticed Grinder
  3711 | D:6      | Killed Grinder
  3711 | D:6      | Reached ** piety under Okawaru
  3711 | D:6      | Reached skill level 6 in Axes
  3749 | D:6      | Reached XP level 9. HP: 46/46 MP: 10/10
  3819 | D:6      | Got a smoking battleaxe
  3828 | D:6      | Identified the +5 battleaxe "Q" {freeze, *Corrode rElec Dex+4} (You found it on level 6 of the Dungeon)
  3988 | D:6      | Noticed Blork the orc
  3994 | D:6      | Killed Blork the orc
  4368 | D:7      | Found a white marble altar of Elyvilon.
  4432 | D:7      | Reached skill level 7 in Axes
  4437 | D:7      | Gained mutation: You are weak. (Str -2) [mutagenic meat]
  4438 | D:7      | Gained mutation: You are clumsy. (Dex -2) [mutagenic meat]
  4442 | D:7      | Gained mutation: You have a pair of small antennae on your head. [mutagenic meat]
  4443 | D:7      | Gained mutation: You are partially covered in slimy green scales. (AC +2) [mutagenic meat]
  4451 | D:7      | Gained mutation: You are somewhat resistant to further mutation. [mutagenic meat]
  5035 | D:7      | You fall through a shaft for 2 floors!
  5041 | D:9      | Reached skill level 5 in Armour
  5075 | D:9      | Reached *** piety under Okawaru
  5086 | D:8      | Found a blossoming altar of Fedhas.
  5111 | D:8      | Reached skill level 5 in Fighting
  5141 | D:8      | Noticed a two-headed ogre
  5149 | D:8      | Killed a two-headed ogre
  5149 | D:8      | Reached skill level 8 in Axes
  5149 | D:8      | Reached XP level 10. HP: 39/51 MP: 7/11
  5241 | D:8      | Reached skill level 9 in Axes
  5249 | D:8      | Reached **** piety under Okawaru
  5734 | D:8      | Found an iron altar of Okawaru.
  5736 | D:8      | Found a hide-covered altar of Uskayaw.
  5736 | D:8      | Found a burning altar of Makhleb.
  5738 | D:8      | Found a sparkling altar of Nemelex Xobeh.
  5738 | D:8      | Found a shimmering altar of Xom.
  5738 | D:8      | Found a bloodstained altar of Trog.
  5800 | D:8      | Reached ***** piety under Okawaru
  5801 | D:8      | HP: 2/53 [yak (7)]
  5802 | D:8      | Received a gift from Okawaru
  5803 | D:8      | Got a polished battleaxe {god gift}
  5804 | D:8      | Identified the +11 battleaxe of the Swamp {protect, rElec rPois Dex+4} (Okawaru gifted it to you on level 8 of the Dungeon)
  5899 | D:9      | Reached skill level 10 in Axes
  6088 | D:9      | Noticed a two-headed ogre
  6095 | D:9      | Killed a two-headed ogre
  6124 | D:9      | Reached skill level 1 in Throwing
  6124 | D:9      | Reached XP level 11. HP: 38/56 MP: 12/12
  6718 | D:9      | Reached skill level 11 in Axes
  6723 | D:10     | Entered Level 10 of the Dungeon
  6926 | D:10     | Received a gift from Okawaru
  6927 | D:10     | Got a pair of distressingly furry boots {god gift}
  6946 | D:10     | Identified the +0 pair of boots of Okawaru's Delight {rPois} (Okawaru gifted it to you on level 10 of the Dungeon)
  7013 | D:10     | Noticed Gastronok
  7032 | D:10     | Killed Gastronok
  7514 | D:10     | Found a staircase to the Orcish Mines.
  7963 | D:11     | Reached skill level 12 in Axes
  7994 | D:11     | Noticed Harold
  8000 | D:11     | Reached skill level 5 in Stealth
  8008 | D:11     | Killed Harold
  8067 | D:11     | Noticed a purple ugly thing
  8075 | D:11     | Killed a purple ugly thing
  8075 | D:11     | Gained mutation: You heal very quickly. [Vine Stalker growth]
  8075 | D:11     | Reached XP level 12. HP: 57/63 MP: 13/13
  8173 | D:11     | Found a white marble altar of Elyvilon.
  8183 | D:11     | Received a gift from Okawaru
  8184 | D:11     | Got an ichor-stained longbow {god gift}
  8214 | D:11     | Found a staircase to the Lair.
  8286 | D:11     | Lost mutation: You have a pair of small antennae on your head. [mutagenic meat]
  8287 | D:11     | Gained mutation: You occasionally shout uncontrollably at your foes. [mutagenic meat]
  8531 | D:11     | Noticed a two-headed ogre
  8874 | Lair:1   | Entered Level 1 of the Lair of Beasts
  9091 | Lair:1   | Reached skill level 13 in Axes
  9150 | Lair:1   | Got a scorched plate armour
  9161 | Lair:1   | Identified the +11 plate armour of Xom's Castigation {*Slow Dex+4} (You found it on level 1 of the Lair of Beasts)
  9429 | Lair:1   | Noticed a seven-headed hydra
  9433 | Lair:1   | Received a gift from Okawaru
  9674 | Lair:1   | Killed a 12-headed hydra
  9674 | Lair:1   | Received a gift from Okawaru
  9678 | Lair:1   | Identified the +3 longbow of Irritation {velocity, rPois} (Okawaru gifted it to you on level 11 of the Dungeon)
  9881 | Lair:2   | Reached ****** piety under Okawaru
  9920 | Lair:2   | Noticed Urug
  9934 | Lair:2   | Killed Urug
 10101 | Lair:2   | Got a dazzling leather armour
 10112 | Lair:2   | Identified the cursed +1 leather armour of Dice, Bag, and Bottle {rElec Str-2 Dex+6} (You found it on level 2 of the Lair of Beasts)
 10209 | Lair:2   | Received a gift from Okawaru
 10210 | Lair:2   | Got an ancient buckler {god gift}
 10217 | Lair:2   | Identified the +2 buckler of the Untouchables {Dex+3} (Okawaru gifted it to you on level 2 of the Lair of Beasts)
 10507 | Lair:3   | Noticed Nergalle
 10523 | Lair:3   | Killed Nergalle
 10680 | Lair:3   | Reached skill level 1 in Polearms
 10680 | Lair:3   | Reached XP level 13. HP: 57/68 MP: 14/14
 10704 | Lair:3   | Found a snail-covered altar of Cheibriados.
 10802 | Lair:3   | Reached skill level 14 in Axes
 10845 | Lair:3   | Noticed Snorg
 10856 | Lair:3   | Killed Snorg
 11302 | Lair:4   | Found a staircase to the Swamp.
 11476 | Lair:4   | Mangled by an eight-headed hydra

Vault maps used:
D:1:      minmay_arrival_loop
D:2:      overflow_temple_1_default, uniq_natasha
D:3:      dancing_weapons_uskayaw, demons_altar, old_standard_altar,
          lemuel_crystal_altar
D:4:      lemuel_doored_altar, nicolae_ru_great_annihilating_truth,
          minmay_temple_entry_grid
D:5:      first_bread
D:6:      uniq_grinder, uniq_blork_the_orc
D:7:      cheibrodos_helix_gallery, nicolae_overflow_hidden_temple, the_bakery,
          minmay_misc_feat_more_columns
D:8:      fedhas_bush_and_centaur_altar, doesnt_xom_only_xom
D:9:      minmay_opposing_rooms, st_stairs_12
D:10:     hiddenorc1_lemuel, uniq_gastronok
D:11:     lair_entry_dummy, serial_bayou_pond_d, elyvilon_altar_1, uniq_harold
Temple:   nicolae_temple_hex_pool
Lair:1:   serial_bayou_shore_a, lemuel_fruit_fields, grunt_megastairs_1,
          infiniplex_staircase_pool
Lair:2:   uniq_urug
Lair:3:   basic_altar, lemuel_fruit_tree, uniq_nergalle, uniq_snorg
Lair:4:   swamp_mist, spider_nest_entry_rubble, grunt_megastairs_2

Skill      XL: |  1  2  3  4  5  6  7  8  9 10 11 12 13 |
---------------+----------------------------------------+-----
Axes           | 2 3 4 5 6 8 10 12 13 14 | 14.2
Shields        | 3 4 5 |  5.3
Fighting       | 3 4 5 6 7 8 |  8.3
Armour         | 3 4 5 6 7 |  7.3
Dodging        | 1 2 3 4 |  4.5
Stealth        | 1 2 4 5 6 |  6.1
Throwing       | 1 |  1.3
Polearms       | 1 |  1.3
Evocations     | |  0.8

Action                   |  1- 3 |  4- 6 |  7- 9 | 10-12 | 13-15 || total
-------------------------+-------+-------+-------+-------+-------++-------
Melee: War axe           |    46 |       |       |       |       ||    46
       Bite              |    28 |    75 |   113 |   119 |    18 ||   353
       Hand axe          |    63 |   183 |   226 |       |       ||   472
       Battleaxe         |       |       |    51 |   363 |    36 ||   450
       Demon trident     |       |       |       |     8 |     4 ||    12
Throw: Javelin           |       |       |     4 |     4 |       ||     8
       Tomahawk          |       |       |       |     2 |       ||     2
Evoke: Wand              |       |       |       |     6 |     2 ||     8
  Use: Potion            |       |     1 |     2 |       |       ||     3
       Scroll            |       |       |     2 |    18 |     1 ||    21
 Stab: Invisible         |       |       |     1 |       |       ||     1
       Sleeping          |       |       |     9 |     5 |     1 ||    15
       Distracted        |       |       |       |     2 |       ||     2
       Paralysed         |       |       |       |     2 |       ||     2
  Eat: Chunk             |       |     3 |    18 |    20 |     3 ||    44
Armor: Scale mail        |    52 |    78 |    88 |   151 |       ||   369
       Plate armour      |       |       |       |    83 |       ||    83
       Leather armour    |       |       |       |    10 |    21 ||    31
Dodge: Dodged            |    34 |    51 |    97 |   288 |    58 ||   528
Block: Shield            |    54 |    68 |    93 |     5 |       ||   220

Table legend:
 A = Spawn XP
 B = Non-spawn XP
 C = Spawn XP percentage of total XP
 D = Spawn monster count
 E = Non-spawn monster count
 F = Spawn count percentage of total count
 G = Total turns spent on level
                    A         B        C        D         E        F      G
               +---------+---------+-------+---------+---------+-------+---------
         Total |       0 |   35693 |   0.0 |       0 |     319 |   0.0 | 11476
               +---------+---------+-------+---------+---------+-------+---------
           D:1 |       0 |      44 |   0.0 |       0 |      26 |   0.0 |   500
           D:2 |       0 |     279 |   0.0 |       0 |      20 |   0.0 |   672
           D:3 |       0 |     440 |   0.0 |       0 |      41 |   0.0 |   912
           D:4 |       0 |     382 |   0.0 |       0 |      19 |   0.0 |   618
           D:5 |       0 |     588 |   0.0 |       0 |       6 |   0.0 |   782
           D:6 |       0 |     981 |   0.0 |       0 |      16 |   0.0 |   663
           D:7 |       0 |     764 |   0.0 |       0 |      17 |   0.0 |   790
           D:8 |       0 |    3092 |   0.0 |       0 |      25 |   0.0 |   794
           D:9 |       0 |    4794 |   0.0 |       0 |      38 |   0.0 |   894
          D:10 |       0 |    4673 |   0.0 |       0 |      35 |   0.0 |  1155
          D:11 |       0 |    5222 |   0.0 |       0 |      19 |   0.0 |   996
        Lair:1 |       0 |    5415 |   0.0 |       0 |      25 |   0.0 |   878
        Lair:2 |       0 |    2757 |   0.0 |       0 |       9 |   0.0 |   725
        Lair:3 |       0 |    4306 |   0.0 |       0 |      14 |   0.0 |   801
        Lair:4 |       0 |    1956 |   0.0 |       0 |       9 |   0.0 |   198
               +---------+---------+-------+---------+---------+-------+---------
